AoeStats
← pablov02

Nomad

510371743Analyzed
4v4 RM · 2d ago on Sep 30, 2026· 53m 45s· 8 players
Game mode
Random Map
Map size
231×231
Population
200
Speed
Normal
Resources
Standard
Victory
Conquest
Starting age
Dark Age
Ending age
Imperial Age
RankedLock teamsTeams togetherTeam positionsShared explorationLock speedFull tech treeHidden civsTurbo modeCheats
Victory
Defeat
🇹🇷 Japanese · Türkiye
1198
+13
🇹🇷 Wu · Türkiye
1176
+14
🇹🇷 Bulgarians · Türkiye
1161
+14
🇹🇷 Varangians · Türkiye
1158
+15
🇨🇳 Chinese · China
1159
-15
🇺🇸 Malians · United States
1147
-15
🇪🇸 Persians · Spain
1111
-13
🇺🇸 Danes · United States
1106
-13
kingike14
13:27 Feudal Age
16:00 Wheelbarrow
19:30 Castle Age
17:31 Horse Collar
20:42 Double-Bit Axe
22:08 Forging
22:01 Squires
25:30 Iron Casting
27:23 Scale Mail Armor
28:55 Hand Cart
30:32 Fletching
31:24 Chain Mail Armor
33:42 Town Watch
42:43 Husbandry
42:52 Scale Barding Armor
48:57 Imperial Age
46:59 Loom
47:15 Town Patrol
46:55 Light Cavalry
47:46 Bloodlines
48:40 Chain Barding Armor
49:41 Farimba
51:17 Plate Barding Armor
51:08 Conscription
52:00 Chemistry
Orangebaral
5:57 Loom
13:29 Feudal Age
13:41 Man-at-Arms
22:47 Castle Age
21:12 Scale Mail Armor
21:09 Arson
25:01 Squires
25:21 Chain Mail Armor
25:16 Forging
25:15 Fletching
27:34 Bodkin Arrow
35:18 Forging
41:16 Imperial Age
38:32 Horse Collar
39:32 Gambesons
40:56 Wheelbarrow
40:29 Hamask
41:13 Padded Archer Armor
41:53 Elite Varangian Guard
43:24 Plate Mail Armor
43:30 Iron Casting
43:58 Conscription
43:51 Elite Jomsviking
45:54 Northmen's Fury
48:32 Long Swordsman
49:05 Two-Handed Swordsman
49:49 Onager
50:48 Champion
pablov02
5:44 Loom
13:53 Feudal Age
17:35 Fletching
19:04 Wheelbarrow
19:16 Forging
20:40 Bloodlines
25:27 Castle Age
28:02 Scale Barding Armor
30:22 Iron Casting
30:15 Husbandry
34:16 Chain Barding Armor
34:37 Hand Cart
43:54 Imperial Age
44:45 Plate Barding Armor
44:54 Double-Bit Axe
44:54 Horse Collar
45:29 Heavy Camel Rider
51:15 Blast Furnace
美团外卖总教练
3:37 Loom
35:54 Feudal Age
37:47 Wheelbarrow
37:01 Double-Bit Axe
37:32 Fishing Lines
40:45 Wheelbarrow
54:46 Castle Age
Chan Joe-kun
13:27 Feudal Age
17:32 Castle Age
16:08 Double-Bit Axe
16:05 Horse Collar
21:10 Bloodlines
21:22 Bow Saw
21:26 Heavy Plow
25:24 Forging
27:45 Wheelbarrow
26:58 Loom
27:45 Scale Barding Armor
28:16 Iron Casting
28:49 Gold Mining
30:25 Husbandry
30:31 Vendel Legacy
33:11 Chain Barding Armor
32:18 Elite Skirmisher
34:27 Fletching
34:38 Padded Archer Armor
41:08 Imperial Age
41:13 Scale Mail Armor
41:26 Gothikon
42:26 Conscription
42:12 Squires
41:58 Gambesons
42:56 Elite Varangian Guard
45:13 Blast Furnace
44:28 Chain Mail Armor
44:44 Chain Mail Armor
47:09 Plate Mail Armor
48:38 Capped Ram
49:30 Siege Ram
Seb
13:51 Feudal Age
16:56 Fletching
22:14 Castle Age
32:35 Loom
35:08 Wheelbarrow
39:01 Scale Barding Armor
38:56 Scale Mail Armor
39:20 Forging
40:07 Gold Mining
41:15 Double-Bit Axe
41:18 Horse Collar
42:13 Heavy Plow
42:28 Bow Saw
42:21 Stone Mining
45:03 Stone Shaft Mining
45:14 Gold Shaft Mining
45:53 Chain Mail Armor
47:59 Iron Casting
47:45 Chain Barding Armor
50:42 Chain Barding Armor
53:17 Imperial Age
51:27 Bodkin Arrow
52:48 Hand Cart
52:56 Ballistics
52:32 Murder Holes
52:47 Masonry
Han
3:57 Loom
14:31 Feudal Age
15:35 Double-Bit Axe
18:49 Castle Age
19:07 Pikeman
20:15 Scale Mail Armor
20:03 Horse Collar
21:13 Wheelbarrow
20:46 Squires
20:59 Forging
20:52 Gold Mining
20:55 Stone Mining
22:01 Bow Saw
26:08 Gambesons
28:22 Iron Casting
30:38 Elite Skirmisher
32:09 Heavy Plow
33:00 Chain Mail Armor
34:22 Thumb Ring
36:44 Fletching
37:28 Bodkin Arrow
38:59 Padded Archer Armor
41:29 Ballistics
42:14 Leather Archer Armor
44:42 Imperial Age
42:53 Scale Barding Armor
42:53 Husbandry
43:04 Bloodlines
47:19 Town Watch
49:23 Blast Furnace
49:38 Gold Shaft Mining
49:01 Arson
49:39 Conscription
50:13 Plate Mail Armor
53:18 Kataparuto
Liángcǎo zhēngshōu Khun
13:03 Feudal Age
11:22 Loom
13:08 Feudal Age
19:05 Double-Bit Axe
29:26 Castle Age
27:54 Horse Collar
28:21 Stone Mining
41:34 Bow Saw
42:04 Heavy Plow
52:24 Fletching
Connection lost

Rejoining the realm…

Still unreachable

The connection could not be restored.

Session expired

The server has moved on; the page needs a fresh start.